 Dungeon Crawl Stone Soup version 0.29.1-2-gbd0b4ee654 (webtiles) character file.

Game seed: 13447818120110930932

7607 GorkyZ the Blocker (level 11, -15/84 HPs)
             Began as a Formicid Gladiator on Nov 21, 2022.
             Was an Initiate of Gozag.
             Demolished by an orc knight
             ... wielding a +0 bardiche
              (29 damage)
             ... in a bailey.
             The game lasted 00:33:47 (9022 turns).

GorkyZ the Blocker (Formicid Gladiator)             Turns: 9022, Time: 00:33:48

Health: -15/84     AC: 16    Str: 21    XL:     11   Next: 40%
Magic:  11/11      EV: 21    Int:  8    God:    Gozag
Gold:   825        SH:  0    Dex: 17    Spells: 10/10 levels left

rFire   + . .      SeeInvis +   c - +5 halberd (spect)
rCold   . . .      Faith    .   (no shield)
rNeg    . . .      Spirit   .   E - +5 scale mail {rF+}
rPois   .          Reflect  .   (helmet unavailable)
rElec   .          Harm     .   I - +0 cloak
rCorr   .          Rampage  .   p - +0 pair of gloves
Will    +....                   u - +0 pair of boots
Stlth   ..........              L - amulet of regeneration
HPRegen 1.04/turn               n - +4 ring of evasion
MPRegen 0.12/turn               G - +4 ring of evasion

@: confused, ambrosia-drunk
A: permanent stasis, dig shafts and tunnels, antennae 3, four strong arms
a: Dig, Renounce Religion, Potion Petition, Call Merchant, Bribe Branch


You were in a bailey.
You worshipped Gozag.
Gozag was pleased with you.
You visited 2 branches of the dungeon, and saw 10 of its levels.
You also visited: Bailey.

You collected 1517 gold pieces.
You spent 12 gold pieces at shops.
You paid 680 gold pieces to Gozag.

Inventory:

Hand Weapons
 a - a +0 vampiric quarterstaff
 c - a +5 spectral halberd (weapon)
 j - a +0 battleaxe
 q - a +4 war axe of freezing
 r - a +0 quarterstaff
 y - a +0 hand axe
 z - a +0 war axe
 K - a +0 flail
 W - the +6 falchion of Nightmares {freeze, rC+}
   (You took it off a gnoll on level 9 of the Dungeon)

   It freezes those it strikes, dealing additional cold damage.
   It can also slow down cold-blooded creatures.
   rC:        It protects you from cold.
Missiles
 d - a javelin
 g - 8 poisoned darts (quivered)
 x - 2 atropa-tipped darts
 V - a curare-tipped dart
Armour
 b - a +0 leather armour
 h - an orb of guile
 o - a +0 scale mail
 p - a +0 pair of gloves (worn)
 s - a +0 chain mail
 u - a +0 pair of boots (worn)
 E - a +5 scale mail of fire resistance (worn)
 I - a +0 cloak (worn)
Jewellery
 n - a +4 ring of evasion (left hand)
 G - a +4 ring of evasion (right hand)
 L - an amulet of regeneration (around neck)
 X - a +6 ring of intelligence
Wands
 H - a wand of digging (1)
 M - a wand of paralysis (8)
 N - a wand of roots (12)
 Q - a wand of flame (25)
 R - a wand of polymorph (3)
Scrolls
 e - 4 scrolls of identify
 f - 4 scrolls of blinking
 i - 5 scrolls of teleportation
 m - 4 scrolls of vulnerability
 w - a scroll of brand weapon
 A - a scroll of fear
 B - a scroll of immolation
 C - a scroll of acquirement
 D - a scroll of fog
 O - a scroll of enchant weapon
 P - a scroll of amnesia
 S - 3 scrolls of magic mapping {unknown}
 U - a scroll of enchant armour
Potions
 l - 2 potions of heal wounds
 t - 5 potions of degeneration
 v - 2 potions of curing
 F - a potion of brilliance
 J - 2 potions of attraction
 T - a potion of flight {unknown}


   Skills:
 + Level 7.3 Fighting
 + Level 5.1(6.0) Polearms
 - Level 4.6(5.7) Staves
 + Level 6.7 Throwing
 + Level 6.9 Armour
 + Level 6.5 Dodging
 + Level 8.2 Shields
 + Level 6.8 Evocations


You had 10 spell levels left.
You didn't know any spells.
Your spell library contained the following spells:

 Spells                   Type           Power      Damage    Failure   Level
 Magic Dart               Conj           0%         1d3       71%         1
 Necrotise                Necr           0%         1d4       71%         1
 Ensorcelled Hibernation  Hex/Ice        0%         N/A       85%         2
 Passwall                 Tmut/Erth      0%         N/A       85%         2
 Searing Ray              Conj           0%         2d4       85%         2
 Call Canine Familiar     Summ           0%         N/A       97%         3
 Portal Projectile        Hex/Tloc       0%         N/A       97%         3
 Spider Form              Tmut/Pois      0%         N/A       97%         3
 Vampiric Draining        Necr           0%         2d6       97%         3
 Anguish                  Hex/Necr       0%         N/A       100%        4
 Fulminant Prism          Conj/Hex       0%         3d6       100%        4
 Leda's Liquefaction      Hex/Erth       0%         N/A       100%        4
 Agony                    Necr           0%         N/A       100%        5
 Fireball                 Conj/Fire      0%         3d3       100%        5
 Iskenderun's Battlesphe  Conj           0%         2d6       100%        5
 Conjure Ball Lightning   Conj/Air       0%         3x3d6     100%        6
 Malign Gateway           Summ/Tloc      0%         N/A       100%        7
 Orb of Destruction       Conj           0%         9d5       100%        7
 Summon Horrible Things   Summ           0%         N/A       100%        8
 Swiftness                Air            Unusable   N/A       N/A         3

Dungeon Overview and Level Annotations

Branches:
Dungeon (9/15)             Temple (1/1) D:5          Bailey (1/1)
   Lair: D:8-11         Orc: D:9-12

Altars:
Ashenzari
Cheibriados
Dithmenos
Elyvilon
Fedhas
Gozag
Hepliaklqana
Kikubaaqudgha
Makhleb
Nemelex Xobeh
Okawaru
Qazlal
Ru
Sif Muna
Trog
Uskayaw
Vehumet
Wu Jian
Xom
Yredelemnul
Zin

Shops:
D:2 !*(   D:3 (   D:7 *   D:8 [


Innate Abilities, Weirdness & Mutations

You cannot be hasted, slowed, berserked, paralysed or teleported.
You can dig through walls and to a lower floor.
You have a pair of large antennae on your head. (SInv)
Your four strong arms can wield two-handed weapons with a shield.


Message History

Your +5 spectral halberd hits the orc warrior from afar!
You kill the orc warrior!
There is an open door here.
You now have 825 gold pieces (gained 8).
Things that are here:
a +0 trident; a +0 chain mail
There is an open door here.
You open the gate.
Found a tourmaline ring.
Found two gates leading back out of this place.
There is an open gate here.
X - a +6 ring of intelligence You open the door. 2 orc knights come into view.
The orc knight shouts! x2
The orc knight misses you.
Found a potion of experience and a +4 ring of evasion.
Found a roughly hewn altar of Beogh.
You reach to attack!
You barely miss the orc knight.
Your +5 spectral halberd closely misses the orc knight.
The orc knight hits you from afar with a +0 glaive!
The orc knight completely misses you. x2
You reach to attack!
You slash the orc knight!
The orc knight is lightly wounded.
Your +5 spectral halberd hits the orc knight!
The orc knight closely misses you.
The orc knight roars a battlecry!
The orc knight goes into a battle-frenzy!
You could not reach far enough!
The orc knight sings a few bars from the Orcish anthem.
The orc knight hits you from afar with a +0 bardiche!!!
Ouch! That really hurt!
* * * LOW HITPOINT WARNING * * *
The orc knight hits you from afar with a +0 glaive!
* * * LOW HITPOINT WARNING * * *
You are confused.
You feel invigorated.
The orc knight hits you from afar with a +0 bardiche!!
You die...
Your body crumbles into a pile of gold.

...........##.......##......)....
..........##..#'#'#..##..........
..........#..##)#)##..#..........
.........##.#########.##.........
.........##.')#=.!#)'.##.........
.........##.###._.###.##.........
.........##.')#oo.#)'.##.........
.........##.####§####.##.........
..........#..##∩@∩##..##.........
..........##..#'''##.............
...........##.....##.............
...≈≈)≈≈≈...##....##....≈≈≈.≈≈...
..≈≈#)##≈....#######....≈##.#≈≈..
..≈##)∩#≈...............≈#∩.##≈..
..≈#.....................))..#≈..
..≈##.##≈...............≈##.##≈..
..≈ ###≈≈...............≈≈###≈≈..


You could see 2 orc knights.

Vanquished Creatures
  Amaemon (D:7)
  Pikel (D:7)
  Maurice (D:8)
  An orange demon (D:8)
  A hornet (D:9)
  6 yaks (D:8)
  2 vampires (D:9)
  2 steam dragons
  4 water moccasins (D:7)
  An acid dragon (D:9)
  Duvessa (D:7)
  An ice beast (D:6)
  2 black bears
  11 orc warriors
  An ogre (D:4)
  A centaur (D:8)
  2 lemures (D:7)
  A phantom (D:5)
  2 kobold brigands (D:9)
  3 necrophages
  2 scorpions
  A gnoll sergeant (D:9)
  13 wights
  Dowan (D:7)
  An electric eel (D:7)
  2 jellies
  A gnoll bouda (D:6)
  2 orc priests (D:4)
  2 hounds
  6 iguanas
  Ijyb (D:3)
  8 orc wizards
  12 gnolls
  7 adders
  4 white imps
  3 ufetubi
  A dart slug (D:2)
  4 worms
  35 orcs
  7 bats
  4 endoplasms
  2 giant cockroaches
  6 hobgoblins
  6 jackals
  16 kobolds
  3 quokkas
  11 ball pythons
  4 frilled lizards
  7 goblins
  8 rats
225 creatures vanquished.

Notes
Turn   | Place    | Note
-------+----------+-------------------------------------------
     0 | D:1      | GorkyZ the Formicid Gladiator began the quest for the Orb.
     0 | D:1      | Reached XP level 1. HP: 16/16 MP: 1/1
   214 | D:1      | Found a faded altar of an unknown god.
   384 | D:1      | Reached XP level 2. HP: 23/23 MP: 2/2
  1296 | D:2      | Reached XP level 3. HP: 22/28 MP: 3/3
  1368 | D:2      | Reached skill level 1 in Shields
  1413 | D:2      | Reached skill level 1 in Armour
  1458 | D:2      | Found Meashum's General Store.
  1615 | D:2      | Found Gufov's Distillery.
  1659 | D:2      | Bought a potion of degeneration for 12 gold pieces
  1791 | D:2      | Found Gihe's Weapon Shop.
  2862 | D:3      | Reached XP level 4. HP: 32/34 MP: 4/4
  2966 | D:3      | Reached skill level 1 in Evocations
  3078 | D:3      | Noticed Ijyb
  3113 | D:3      | Killed Ijyb
  3385 | D:3      | Reached XP level 5. HP: 37/40 MP: 5/5
  3474 | D:3      | Found Dytuss's Antique Weapon Boutique.
  3509 | D:3      | Found an ancient bone altar of Kikubaaqudgha.
  3963 | D:4      | Reached skill level 2 in Shields
  4110 | D:4      | Reached XP level 6. HP: 47/47 MP: 6/6
  4466 | D:4      | Noticed an ogre
  4475 | D:4      | Killed an ogre
  4476 | D:4      | Reached skill level 3 in Shields
  4476 | D:4      | Reached XP level 7. HP: 50/52 MP: 7/7
  4495 | D:4      | Found a shadowy altar of Dithmenos.
  4692 | D:4      | Found a shimmering blue altar of Sif Muna.
  4828 | D:5      | Entered Level 5 of the Dungeon
  5040 | D:5      | Found a staircase to the Ecumenical Temple.
  5055 | Temple   | Entered the Ecumenical Temple
  5367 | D:5      | Reached XP level 8. HP: 57/60 MP: 8/8
  5790 | D:6      | Identified a scroll of acquirement
  5790 | D:6      | Acquired 556 gold pieces
  5872 | D:6      | Reached skill level 4 in Shields
  6295 | D:6      | Found a shimmering altar of Xom.
  6379 | D:6      | Reached skill level 1 in Polearms
  6379 | D:6      | Reached skill level 5 in Shields
  6379 | D:6      | Reached XP level 9. HP: 63/67 MP: 9/9
  6762 | D:6      | Reached skill level 5 in Fighting
  7012 | D:7      | Noticed Pikel
  7019 | D:7      | Killed Pikel
  7020 | D:7      | Reached skill level 5 in Throwing
  7020 | D:7      | Reached skill level 5 in Armour
  7020 | D:7      | Reached skill level 5 in Dodging
  7020 | D:7      | Reached skill level 6 in Shields
  7080 | D:7      | Noticed Duvessa
  7085 | D:7      | Killed Duvessa
  7086 | D:7      | Reached skill level 5 in Evocations
  7094 | D:7      | Noticed Dowan
  7097 | D:7      | Killed Dowan
  7113 | D:7      | Reached XP level 10. HP: 74/76 MP: 10/10
  7232 | D:7      | Found Omnen's Island Escapes.
  7695 | D:8      | Noticed Amaemon
  7695 | D:8      | Noticed an orange demon
  7708 | D:7      | Killed Amaemon
  7716 | D:8      | Killed an orange demon
  7785 | D:8      | Found an opulent altar of Gozag.
  7811 | D:8      | Reached skill level 7 in Shields
  7811 | D:8      | Noticed Maurice
  7814 | D:8      | Killed Maurice
  7824 | D:8      | Became a worshipper of Gozag Ym Sagoz the Greedy
  7847 | D:8      | Found a basalt altar of Yredelemnul.
  7981 | D:8      | Reached XP level 11. HP: 52/83 MP: 11/11
  8087 | D:8      | Found a glowing silver altar of Zin.
  8582 | D:9      | Reached skill level 8 in Shields
  8624 | D:9      | Found a flagged portal.
  8634 | D:9      | Identified the +6 falchion of Nightmares {freeze, rC+}
  8683 | Bailey   | Entered a bailey
  8705 | Bailey   | Reached skill level 5 in Polearms
  9018 | Bailey   | Noticed an orc knight
  9018 | Bailey   | Noticed an orc knight
  9022 | Bailey   | Demolished by an orc knight

Illustrated notes

Levels and vault maps discovered:
D:1:      dpeg_arrival_orchard, layout_loops_corners,
          ebering_ecumenical_altar_box
D:2:      layout_basic, serial_shops, nicolae_shop_advertising_works
          [nicolae_subvault_shop_adworks], nicolae_shop_statue_plus,
          nicolae_shop_bloodbath_and_beyond, serial_co_window_serial,
          co_window_of_opportunity_a, co_window_of_opportunity_a,
          co_window_of_opportunity_a, co_window_paths_b, co_window_corner_a,
          co_window_2corner, co_window_cross_2, co_window_unsneaky_path_e,
          co_window_2corner, co_window_cross_2, co_window_paths_c,
          co_window_4corner_b, minmay_mini_jars
D:3:      layout_basic, nicolae_overflow_crystal_walls, serial_shops,
          nicolae_shop_overgrown_old_shop, hangedman_decor_peaks_small,
          uniq_ijyb
D:4:      layout_basic, nicolae_dithmenos_the_darkroom, kennysheep_mini
D:5:      layout_cave_pools, minmay_temple_entry_hall
D:6:      layout_basic, lemuel_tele_altar, minivault_26, grunt_ministairs_14,
          nicolae_zen_rock_garden
D:7:      layout_basic, amethyst_killhole, dreamdust_princess_corridor,
          minivault_4, nicolae_island_escapes, uniq_pikel, uniq_duvessa
D:8:      layout_rooms, mainiacjoe_overflow_surrounded_room, zin_academy,
          mainiacjoe_overflow_small_starburst, minmay_chambers_of_fives,
          uniq_maurice, uniq_amaemon
D:9:      layout_basic, enter_bailey_2
Temple:   nicolae_temple_bog_church
Bailey:   bailey_polearm_2, bailey

Skill      XL: |  1  2  3  4  5  6  7  8  9 10 11 |
---------------+----------------------------------+-----
Shields        | 1 2 3 5 6 7 8 |  8.2
Armour         | 1 2 3 4 5 6 |  6.9
Dodging        | 3 4 5 6 |  6.5
Evocations     | 1 2 3 4 5 6 |  6.8
Fighting       | 3 4 5 6 7 |  7.3
Throwing       | 3 4 5 6 |  6.7
Staves         | 4 |  4.6
Polearms       | 1 2 4 5 |  5.1

Action                   |  1- 3 |  4- 6 |  7- 9 | 10-12 || total
-------------------------+-------+-------+-------+-------++-------
Melee: Quarterstaff      |   101 |   181 |   142 |       ||   424
       Punch             |     3 |     1 |     2 |       ||     6
       War axe           |       |     2 |       |       ||     2
       Halberd           |       |       |    63 |   136 ||   199
Throw: Throwing net      |       |     5 |     2 |       ||     7
       Dart              |       |       |       |     5 ||     5
       Javelin           |       |       |       |     1 ||     1
Invok: Call Merchant     |       |       |       |     1 ||     1
  Use: Scroll            |       |       |    16 |     3 ||    19
       Potion            |       |       |     2 |     1 ||     3
 Stab: Sleeping          |     1 |       |       |       ||     1
       Held in net/web   |       |     2 |       |       ||     2
       Distracted        |       |       |       |     3 ||     3
Armor: Leather armour    |    15 |       |       |       ||    15
       Scale mail        |     6 |    42 |    63 |    20 ||   131
       Chain mail        |     4 |    42 |       |       ||    46
Dodge: Dodged            |    70 |   179 |   198 |   103 ||   550
